 Dungeon Crawl Stone Soup version 0.26-a0-660-gc07710193c (webtiles) character file.

Game seed: 15396402863241692204

3682 Borbozo the Covert (level 10, -4/41 HPs)
             Began as a Vine Stalker Enchanter on Oct 7, 2020.
             Was a Follower of Hepliaklqana.
             Slain by a wyvern (12 damage)
             ... on level 8 of the Dungeon.
             The game lasted 01:20:12 (11143 turns).

Borbozo the Covert (Vine Stalker Enchanter)        Turns: 11143, Time: 01:20:13

Health: -4/41      AC:  7    Str: 10    XL:     10   Next: 13%
Magic:  0/21       EV: 13    Int: 17    God:    Hepliaklqana [*.....]
Gold:   365        SH:  0    Dex: 17    Spells: 5/22 levels left

rFire    . . .     SeeInvis .   g - +3 dagger
rCold    + . .     Faith    +   (no shield)
rNeg     + + .     Spirit   +   N - +2 robe {rN+}
rPois    .         Reflect  .   (no helmet)
rElec    .         Harm     .   G - +0 cloak
rCorr    .         Rampage  .   u - +0 pair of gloves
MR       +....                  R - +0 pair of boots
Stlth    ++++......             m - amulet of faith
HPRegen  0.53/turn              p - ring of protection from cold
MPRegen  0.17/turn              A - ring of positive energy

@: no status effects
A: reduced essence, fangs 3, regeneration 1, magic shield, antimagic bite, no
potion heal 3, rot immunity
a: Recall Ancestor, Ancestor Identity, Renounce Religion


You were on level 8 of the Dungeon.
You worshipped Hepliaklqana.
Hepliaklqana was aware of your devotion.
You visited 1 branch of the dungeon, and saw 8 of its levels.

You collected 365 gold pieces.

Inventory:

Hand Weapons
 a - a +1 dagger
 e - a +0 dagger
 g - a +3 dagger (weapon)
 n - a +0 vorpal flail
 o - a +6 war axe
 r - a +0 vampiric hand axe
 s - a +0 short sword
 y - a +3 falchion of freezing
 z - a +2 flail of draining
 B - a +0 dagger
 C - a +1 short sword of speed
 I - a cursed -3 mace
 K - a +1 vorpal mace
 L - a +1 hand axe of venom
Missiles
 j - 59 sling bullets
 t - 2 atropa-tipped darts (quivered)
 Q - 16 poisoned darts
Armour
 l - a +4 scale mail
 u - a +0 pair of gloves (worn)
 E - a +3 ring mail of cold resistance
 G - a +0 cloak (worn)
 N - a +2 robe of positive energy (worn)
 R - a +0 pair of boots (worn)
Jewellery
 m - an amulet of faith (around neck)
 p - a ring of protection from cold (left hand)
 A - a ring of positive energy (right hand)
 J - an uncursed amulet of the acrobat
 T - an uncursed ring of resist corrosion {unknown}
Wands
 i - a wand of iceblast (15)
 q - a wand of disintegration (12)
 v - a wand of acid (7)
Scrolls
 d - 2 scrolls of teleportation
 f - a scroll of magic mapping
 x - a scroll of enchant armour {unknown}
 F - 2 scrolls of fog {unknown}
 M - a scroll of random uselessness {unknown}
 O - a scroll of fear
 P - 2 scrolls of remove curse
 U - a scroll of amnesia
 V - a scroll of identify
Potions
 b - a potion of invisibility {unknown}
 c - 3 potions of heal wounds
 h - a potion of haste {unknown}
 k - 2 potions of flight {unknown}
 w - 3 potions of stabbing {unknown}
 D - a potion of brilliance {unknown}
 H - 2 potions of degeneration {unknown}
 S - a potion of ambrosia {unknown}


   Skills:
 + Level 2.2 Fighting
 + Level 4.7 Short Blades
 + Level 3.0 Dodging
 + Level 9.8 Stealth
 + Level 6.7 Spellcasting
 + Level 7.4 Hexes
 + Level 4.5 Ice Magic


You had 5 spell levels left.
You knew the following spells:

 Your Spells              Type           Power        Failure   Level
a - Corona                Hex            ####...      1%          1
b - Tukima's Dance        Hex            ####....     1%          3
c - Ensorcelled Hibernat  Hex/Ice        ####..       1%          2
d - Slow                  Hex            ####....     1%          2
e - Confusing Touch       Hex            ####....     1%          3
f - Dazzling Flash        Conj/Hex       ###...       8%          3
g - Inner Flame           Hex/Fire       ###.....     8%          3

Your spell library contained the following spells:

 Spells                   Type           Power        Failure   Level
 Foxfire                  Conj/Fire      #...         12%         1
 Magic Dart               Conj           #...         12%         1
 Blink                    Tloc           N/A          19%         2
 Call Imp                 Summ           #.......     19%         2
 Conjure Flame            Conj/Fire      #.......     34%         3
 Mephitic Cloud           Conj/Pois/Air  #.......     34%         3
 Sticky Flame             Conj/Fire      #.......     75%         4
 Fireball                 Conj/Fire      #.........   97%         5


Dungeon Overview and Level Annotations

Branches:
Dungeon (8/15)             Temple (0/1) D:7
   Lair: D:8-11

Altars:
Ashenzari
Dithmenos
Elyvilon
Hepliaklqana
Ru
Xom


Innate Abilities, Weirdness & Mutations

You have razor-sharp teeth.
Your natural rate of healing is unusually fast.
When hurt, damage is shared between your health and your magic reserves.
Your bite disrupts and absorbs the magic of your enemies.
Potions cannot restore your health.
You are immune to rotting.
Your life essence is reduced to manifest your ancestor. (-10% HP)


Message History

Aim: a wyvern (chance to defeat MR: 70%)
The wyvern seems to slow down.
The wyvern bites you!
* * * LOW HITPOINT WARNING * * *
Okay, then.
Casting: Slow (safe; 1% risk of failure)
Confirm with . or Enter, or press ? or * to list all spells.
Aiming: Inner Flame (dangerous; 8% risk of failure)
Press: ? - help, Shift-Dir - straight line, f/p - wyvern
Aim: a wyvern (slow, chance to defeat MR: 74%)
The wyvern is filled with an inner flame.
The wyvern bites you!
* * * LOW HITPOINT WARNING * * *
There is an open door here.
The wyvern hisses menacingly.
The wyvern bites you.
* * * LOW HITPOINT WARNING * * *
The wyvern bites you!
* * * LOW HITPOINT WARNING * * *
The wyvern bites you!
You die...

#....##..[########
#....##...#......#
#.........#......#
#.........#......#
#....##...##..>.####
#....##...##....##.#
#######............#
#.....l.......#
#....@........#
##...#####'####
##...###....##
#.....<......#
##...........#
##...........# ≈≈
#............# ≈≈
#........^...# ≈≈≈
#............# ≈≈≈≈


You could see a wyvern (inner flame, slow).

Vanquished Creatures
  Duvessa (D:6)
  2 orc warriors
  A sky beast (D:6)
  A black bear (D:6)
  A phantom (D:6)
  4 ogres
  A centaur (D:6)
  3 bullfrogs
  A gnoll sergeant (D:7)
  Dowan (D:6)
  3 scorpions
  2 wights (D:6)
  6 hounds
  7 orc wizards
  6 orc priests
  3 iguanas
  9 worker ants
  2 hound skeletons
  11 adders
  13 gnolls
  A shadow imp (D:8)
  2 white imps
  An ufetubus (D:6)
  An ooze (D:1)
  3 worms
  A dart slug (D:1)
  7 leopard geckos
  32 orcs
  19 giant cockroaches
  4 goblins
  2 hobgoblins
  10 jackals
  7 kobolds
  5 quokkas
  A ball python (D:3)
  10 bats
  6 frilled lizards
  A jackal zombie (D:6)
  A leopard gecko skeleton (D:6)
  A quokka skeleton (D:4)
  A quokka zombie (D:7)
  7 rats
201 creatures vanquished.

Vanquished Creatures (collateral kills)
  A two-headed ogre (D:8)
  An ice beast (D:8)
  3 wights (D:6)
  A killer bee zombie (D:7)
  3 gnolls
  A white imp (D:6)
  2 orcs (D:7)
  4 jackals (D:7)
  A quokka (D:7)
17 creatures vanquished.

Vanquished Creatures (others)
  A dancing weapon (D:3)
  An orc wizard (D:5)
  3 ancestors
  7 plants (D:7)
12 creatures vanquished.

Grand Total: 230 creatures vanquished

Notes
Turn   | Place    | Note
-------+----------+-------------------------------------------
     0 | D:1      | Borbozo the Vine Stalker Enchanter began the quest for the
                  | Orb.
     0 | D:1      | Reached XP level 1. HP: 9/9 MP: 4/4
     3 | D:1      | Noticed an electric eel
     5 | D:1      | Noticed an electric eel
   380 | D:1      | Reached XP level 2. HP: 13/13 MP: 6/6
   405 | D:1      | Reached skill level 1 in Short Blades
   992 | D:1      | Reached XP level 3. HP: 13/16 MP: 4/7
  1069 | D:1      | Learned a level 3 spell: Tukima's Dance
  1074 | D:1      | Learned a level 2 spell: Ensorcelled Hibernation
  1631 | D:1      | Reached skill level 4 in Stealth
  2018 | D:2      | Gained mutation: Your natural rate of healing is unusually
                  | fast. [Vine Stalker growth]
  2018 | D:2      | Reached XP level 4. HP: 21/21 MP: 5/8
  2187 | D:2      | You fall into a shaft and drop 1 floor!
  3606 | D:3      | Reached XP level 5. HP: 18/25 MP: 7/10
  4264 | D:4      | Reached skill level 1 in Fighting
  4264 | D:4      | Reached XP level 6. HP: 21/30 MP: 6/11
  4715 | D:4      | Reached skill level 5 in Stealth
  4715 | D:4      | Reached skill level 1 in Ice Magic
  4715 | D:4      | Reached XP level 7. HP: 33/33 MP: 7/13
  5077 | D:4      | Reached skill level 6 in Stealth
  5077 | D:4      | Reached skill level 5 in Hexes
  6059 | D:5      | Entered Level 5 of the Dungeon
  6093 | D:5      | Gained mutation: You have razor-sharp teeth. [Vine Stalker
                  | growth]
  6093 | D:5      | Reached XP level 8. HP: 37/37 MP: 15/15
  7705 | D:6      | Reached skill level 7 in Stealth
  7779 | D:6      | Reached skill level 5 in Spellcasting
  7786 | D:6      | Learned a level 2 spell: Slow
  7790 | D:6      | Learned a level 3 spell: Confusing Touch
  7794 | D:6      | Learned a level 3 spell: Dazzling Flash
  7917 | D:6      | Reached skill level 8 in Stealth
  8138 | D:6      | Noticed Duvessa
  8138 | D:6      | Noticed Dowan
  8166 | D:6      | Killed Duvessa
  8166 | D:6      | Reached XP level 9. HP: 27/42 MP: 15/18
  8179 | D:6      | Killed Dowan
  8661 | D:6      | Found a white marble altar of Elyvilon.
  8668 | D:6      | Found a hazy altar of Hepliaklqana.
  8669 | D:6      | Found a shimmering altar of Xom.
  8669 | D:6      | Found a shadowy altar of Dithmenos.
  8670 | D:6      | Found a broken altar of Ashenzari.
  8798 | D:6      | Became a worshipper of Hepliaklqana the Forgotten
  9623 | D:7      | Found a staircase to the Ecumenical Temple.
  9880 | D:7      | Found a sacrificial altar of Ru.
  9909 | D:7      | Learned a level 3 spell: Inner Flame
 10460 | D:7      | Reached * piety under Hepliaklqana
 10899 | D:8      | Noticed a two-headed ogre
 10909 | D:8      | Killed a two-headed ogre
 10909 | D:8      | Reached skill level 9 in Stealth
 10909 | D:8      | Reached XP level 10. HP: 14/41 MP: 4/21
 11143 | D:8      | Slain by a wyvern

Illustrated notes

Levels and vault maps discovered:
D:1:      arrival_aquarium_b, layout_loops_ring
D:2:      minmay_roachtagon, layout_loops_ring
D:3:      layout_basic
D:4:      layout_basic, ebering_dispersal_statue_hall, minmay_starry_boxes
D:5:      layout_loops_ring, kennysheep_minor_cross
D:6:      minmay_opposing_rooms, layout_gridville, minitemple, uniq_duvessa
D:7:      layout_loops_corners, nicolae_ru_awakened_eye,
          minmay_temple_entry_gardened_gates, chequers_serial_rivers_large_a
D:8:      layout_gridville, erik_lair_island

Skill      XL: |  1  2  3  4  5  6  7  8  9 |
---------------+----------------------------+-----
Short Blades   | 1 2 3 4 |  4.7
Stealth        | 4 5 6 8 9 |  9.8
Hexes          | 4 5 6 7 |  7.4
Spellcasting   | 3 4 5 6 |  6.7
Dodging        | 2 3 |  3.0
Fighting       | 1 2 |  2.2
Ice Magic      | 1 2 3 4 |  4.5

Action                   |  1- 3 |  4- 6 |  7- 9 | 10-12 || total
-------------------------+-------+-------+-------+-------++-------
Melee: Dagger            |   112 |   211 |   249 |     1 ||   573
       Bite              |    25 |    44 |    57 |       ||   126
 Cast: Corona            |    39 |    39 |    13 |       ||    91
       Ensorcelled Hiber |     4 |    16 |   133 |       ||   153
       Tukima's Dance    |       |     1 |     9 |       ||    10
       Slow              |       |       |     5 |     3 ||     8
       Confusing Touch   |       |       |     1 |       ||     1
       Inner Flame       |       |       |       |     1 ||     1
Invok: Ancestor Identity |       |       |     1 |       ||     1
  Use: Scroll            |       |    12 |     4 |       ||    16
       Potion            |       |     1 |     1 |       ||     2
 Stab: Sleeping          |    10 |    17 |    83 |     1 ||   111
       Fleeing           |       |     1 |       |       ||     1
       Confused          |       |       |     1 |       ||     1
Armor: Robe              |    26 |    33 |    62 |     1 ||   122
       Skin              |       |    12 |     2 |       ||    14
Dodge: Dodged            |    89 |   100 |   116 |     1 ||   306
Block: Tower shield      |       |    10 |       |       ||    10

Table legend: (Time is in decaauts)
 A = Elapsed time spent in this place.
 B = Non-inter-level travel time spent in this place.
 C = Inter-level travel time spent in this place.
 D = Time resting spent in this place.
 E = Time spent auto-exploring this place.
 F = Levels seen in this place.
 G = Mean time per level.
                   A        B        C        D        E       F      G
               +--------+--------+--------+--------+--------+-----+--------+
         Total |  11088 |  11087 |      1 |   3581 |      0 |   8 | 1386.0 |
       Dungeon |  11088 |  11087 |      1 |   3581 |      0 |   8 | 1386.0 |
               +--------+--------+--------+--------+--------+-----+--------+

Top non-repeatable levels by time:
     D:4: 2114 daAuts
     D:6: 1819 daAuts
     D:1: 1695 daAuts
     D:3: 1469 daAuts
     D:5: 1338 daAuts
     D:7: 1318 daAuts
     D:2: 1049 daAuts
     D:8: 283 daAuts
